 Dungeon Crawl Stone Soup version 0.18-a0-1800-gdc7a371 (webtiles) character file.

658 graki42 the Sneak (level 7, -2/45 HPs)
             Began as a Halfling Assassin on Apr 24, 2016.
             Was a Follower of Okawaru.
             Splashed by a jelly's acid (9 damage)
             ... on level 5 of the Dungeon.
             The game lasted 00:12:31 (3714 turns).

graki42 the Sneak (Halfling Assassin)               Turns: 3714, Time: 00:12:34

Health: -2/45      AC: 10    Str: 11    XL:     7   Next: 86%
Magic:  7/7        EV: 17    Int: 10    God:    Okawaru [*.....]
Gold:   181        SH:  0    Dex: 20    Spells: 0 memorised, 6 levels left

rFire  . . .     SeeInvis .     a - +2 dagger
rCold  . . .     Gourm    .     o - +0 leather armour
rNeg   + + .     Faith    .     (shield restricted)
rPois  +         Spirit   .     H - +0 helmet
rElec  +         Dismiss  +     s - +1 cloak
rCorr  .         Reflect  .     u - +0 pair of gloves
SustAt .         Harm     .     (no boots)
MR     .....     NoTele   +     G - amulet of Cekugob {Dismiss -Tele rElec rPois rN++ AC+1 EV+1}
Stlth  ++++......               I - +2 ring of dexterity
                                c - +6 ring of protection

@: corroded, not resistant to hostile enchantments, stealthy
A: mutation resistance 1
a: Heroism, Renounce Religion


You were on level 5 of the Dungeon.
You worshipped Okawaru.
Okawaru was aware of your devotion.
You were not hungry.

You visited 2 branches of the dungeon, and saw 6 of its levels.

You collected 181 gold pieces.

Inventory:

Hand Weapons
 a - a +2 dagger (weapon)
 b - a +0 blowgun
Missiles
 e - 34 poisoned needles
 f - 2 curare-tipped needles
 D - 8 tomahawks (quivered)
Armour
 o - a +0 leather armour (worn)
 s - a +1 cloak (worn)
 u - a +0 pair of gloves (worn)
 H - a +0 helmet (worn)
Jewellery
 c - a +6 ring of protection (left hand)
 A - an uncursed amulet of guardian spirit
 G - the amulet of Cekugob (around neck) {Dismiss -Tele rElec rPois rN++ AC+1 EV+1}
   (You found it on level 4 of the Dungeon)

   [amulet of dismissal]

   It may teleport away creatures that harm you.
   It affects your AC (+1).
   It affects your evasion (+1).
   It insulates you from electricity.
   It protects you from poison.
   It greatly protects you from negative energy.
   It prevents most forms of teleportation.
 I - a +2 ring of dexterity (right hand)
 L - a cursed -2 ring of protection
Scrolls
 h - a scroll of recharging {unknown}
 k - 5 scrolls of identify
 n - 2 scrolls of random uselessness {unknown}
 q - 5 scrolls of remove curse
 r - a scroll of fear {unknown}
 v - 2 scrolls of teleportation {unknown}
 w - 3 scrolls of fog {unknown}
 B - a scroll of enchant weapon {unknown}
 K - a scroll of enchant armour {unknown}
 M - a scroll of magic mapping {unknown}
Potions
 d - a potion of heal wounds
 j - 2 potions of might {unknown}
 p - 2 potions of curing {unknown}
 t - 2 potions of haste {unknown}
 x - a potion of cancellation {unknown}
 z - 2 potions of brilliance {unknown}
 C - a potion of mutation {unknown}
 E - 3 potions of resistance {unknown}
 F - a potion of beneficial mutation {unknown}
Books
 i - a book of Battle

   Spells                             Type                      Level
   a - Infusion                       Charms                       1
   b - Shroud of Golubria             Charms/Translocation         2
   c - Song of Slaying                Charms                       2
   d - Spectral Weapon                Hexes/Charms                 3
   e - Regeneration                   Charms/Necromancy            3
 y - a book of Annihilations

   Spells                             Type                      Level
   a - Poison Arrow                   Conjuration/Poison           6
   b - Chain Lightning                Conjuration/Air              8
   c - Lehudib's Crystal Spear        Conjuration/Earth            8
   d - Glaciate                       Conjuration/Ice              9
   e - Fire Storm                     Conjuration/Fire             9
Comestibles
 g - 4 bread rations
 l - 2 meat rations
 m - 8 fruits
 J - a beef jerky


   Skills:
 + Level 2.6 Fighting
 + Level 4.7 Short Blades
 + Level 3.3 Throwing
 + Level 2.2 Armour
 + Level 3.5 Dodging
 + Level 7.6 Stealth


You had 6 spell levels left.
You didn't know any spells.

Dungeon Overview and Level Annotations

Branches:
Dungeon (5/15)             Temple (1/1) D:4

Altars:
Cheibriados
Elyvilon
Gozag
Kikubaaqudgha
Makhleb
Nemelex Xobeh
Okawaru
Qazlal
Trog
Xom
Zin


Innate Abilities, Weirdness & Mutations

You are small and have problems with some larger weapons.
You are somewhat resistant to further mutation.


Message History

The jelly closely misses you.
You hit the jelly but do no damage.
Your hands burn!
The jelly is moderately wounded.
The jelly misses you.
You barely miss the jelly.
The jelly is moderately wounded.
You hit the jelly.
Your hands burn!
The jelly is moderately wounded.
The jelly misses you.
You hit the jelly.
Your hands burn!
* * * LOW HITPOINT WARNING * * *
The jelly is heavily wounded.
The jelly hits you but does no damage.
You hit the jelly.
Your hands burn!
* * * LOW HITPOINT WARNING * * *
The jelly is heavily wounded.
The jelly hits you.
* * * LOW HITPOINT WARNING * * *
You are splashed with acid!
The acid burns!
You die...

....# ....#
##....###. ....# .P
......#≈≈ ....# ..≈
.......≈ ....# .≈≈≈
......# ....#
.≈≈.###....## .
....#
.≈≈≈≈#.$....#≈≈
....#
.P≈≈≈..J...$.≈≈
###.# #.@....# #.#
##....## #.#
#......#
#.###########......#
#................###
##################


You could see a jelly.

Vanquished Creatures
  A sky beast (D:5)
  An ogre (D:4)
  A centaur (D:5)
  Blork the orc (D:4)
  A hound (D:5)
  6 worker ants
  A hound zombie (D:5)
  A hound skeleton (D:4)
  5 adders
  4 worms
  2 dart slugs
  5 giant geckos
  2 orcs
  8 giant cockroaches
  8 hobgoblins
  3 jackals (D:2)
  8 kobolds
  6 quokkas
  A ball python (D:3)
  4 bats
  5 giant newts
  8 goblins
  A quokka zombie (D:5)
  5 rats
88 creatures vanquished.

Vanquished Creatures (others)
  A plant (D:5)
1 creature vanquished.

Grand Total: 89 creatures vanquished

Notes
Turn   | Place    | Note
--------------------------------------------------------------
     0 | D:1      | graki42 the Halfling Assassin began the quest for the Orb.
     0 | D:1      | Reached XP level 1. HP: 14/14 MP: 1/1
   123 | D:1      | Reached XP level 2. HP: 19/19 MP: 2/2
   157 | D:1      | Reached skill level 5 in Stealth
   425 | D:1      | Reached XP level 3. HP: 24/24 MP: 3/3
   846 | D:2      | Reached XP level 4. HP: 29/29 MP: 4/4
   940 | D:2      | Found an ancient bone altar of Kikubaaqudgha.
  1045 | D:2      | Reached skill level 6 in Stealth
  1254 | D:2      | Found a bloodstained altar of Trog.
  1428 | D:3      | Found a shimmering altar of Xom.
  1614 | D:3      | Reached XP level 5. HP: 34/34 MP: 5/5
  2156 | D:4      | Noticed an ogre
  2162 | D:4      | Killed an ogre
  2162 | D:4      | Reached skill level 1 in Armour
  2162 | D:4      | Reached XP level 6. HP: 39/39 MP: 6/6
  2402 | D:4      | Found a staircase to the Ecumenical Temple.
  2413 | Temple   | Entered the Ecumenical Temple
  2437 | Temple   | Became a worshipper of Warmaster Okawaru
  2463 | D:4      | Noticed Blork the orc
  2477 | D:4      | Killed Blork the orc
  2477 | D:4      | Reached skill level 7 in Stealth
  2793 | D:4      | Reached XP level 7. HP: 45/45 MP: 7/7
  2974 | D:5      | Entered Level 5 of the Dungeon
  3281 | D:5      | Reached * piety under Okawaru
  3714 | D:5      | Splashed by a jelly's acid

Vault maps used:
D:1:      minmay_arrival_radiant_lines, hex_large
D:2:      nicolae_overflow_hidden_temple, trog_book
D:3:      lemuel_doored_altar, first_bread
D:4:      minmay_temple_entry_hall, uniq_blork_the_orc
D:5:      wad_lake_hut
Temple:   water_room_temple_a_12

Skill      XL: |  1  2  3  4  5  6  7 |
---------------+----------------------+-----
Stealth        | 5 6 7 |  7.6
Short Blades   | 3 4 |  4.7
Fighting       | 2 |  2.6
Armour         | 1 2 |  2.2
Dodging        | 2 3 |  3.5
Throwing       | 3 |  3.3

Action                   |  1- 3 |  4- 6 |  7- 9 || total
-------------------------+-------+-------+-------++-------
Melee: Dagger            |    91 |   165 |   191 ||   447
 Fire: Blowgun           |    10 |     7 |     2 ||    19
Throw: Tomahawk          |       |     9 |       ||     9
  Use: Scroll            |       |     2 |       ||     2
 Stab: Sleeping          |    12 |    20 |     4 ||    36
       Distracted        |     1 |     1 |       ||     2
  Eat: Chunk             |       |     6 |     3 ||     9
Armor: Leather armour    |    21 |    27 |    45 ||    93
Dodge: Dodged            |    48 |    92 |    96 ||   236
